| TOP OF THE 1ST |
|
Salem-Keizer Volcanoes batting - Pitching for Hillsboro Hops : LHP Travis Osorio
|
|
Pitching: LHP Travis Osorio
|
|
|
Batting: RHB Cesar Martinez
|
0-0: Ball 1-0: DOUBLE (Line Drive, 78D, EV 102.5 MPH)
|
|
Batting: RHB Frank Pena
|
0-0: Ball 1-0: Foul Ball, location: 2F 1-1: Ball 2-1: Foul Ball, location: 2F 2-2: Ground out U3 (Groundball, 34, EV 105.6 MPH) Cesar Martinez to third
|
|
Batting: RHB Mike Jones
|
0-0: Ball 1-0: Swinging Strike 1-1: Swinging Strike 1-2: Ball 2-2: Ball 3-2: Fly out, F8 (Flyball, 8LXD, EV 99.4 MPH) Runner from 3rd tags up, SCORES, no throw by CF
|
|
Batting: LHB John Whitman
|
0-0: Called Strike 0-1: Foul Ball, location: 2F 0-2: Foul Ball, location: 2F 0-2: Strikes out swinging
|
| Top of the 1st over - 1 run, 1 hit, 0 errors, 0 left on base; Salem-Keizer 1 - Hillsboro 0 |
| BOTTOM OF THE 1ST |
|
Hillsboro Hops batting - Pitching for Salem-Keizer Volcanoes : RHP John Bittinger
|
|
Pitching: RHP John Bittinger
|
|
|
Batting: SHB Blaine Peters
|
0-0: Ball 1-0: Foul Ball, location: 2F 1-1: Reached via error on a dropped throw from 1B, E1 (Groundball, 34, EV 86.9 MPH)
|
|
Batting: LHB Soo-yeon Kym
|
0-0: Ball 1-0: Ball 2-0: Ball 3-0: Base on Balls Blaine Peters to second
|
|
Batting: RHB Wen-hua Lei
|
0-0: Ball 1-0: Ball 2-0: Ball 3-0: Called Strike 3-1: Grounds into double play, 4-6-3 (Groundball, 4, EV 86.2 MPH) Blaine Peters to third
|
|
Batting: LHB Dillon Rizzuto
|
0-0: SINGLE (Line Drive, 78S, EV 100.6 MPH) Blaine Peters scores
|
|
Batting: RHB Ian Sousa
|
0-0: Fly out, F7 (Flyball, 7LS, EV 85.0 MPH)
|
| Bottom of the 1st over - 1 run, 1 hit, 1 error, 1 left on base; Salem-Keizer 1 - Hillsboro 1 |
| TOP OF THE 2ND |
|
Salem-Keizer Volcanoes batting - Pitching for Hillsboro Hops : LHP Travis Osorio
|
|
Batting: RHB Gabe Ochoa
|
0-0: SINGLE (Groundball, 56S, EV 69.4 MPH) (infield hit)
|
|
Batting: LHB Ryan Anderson
|
0-0: Swinging Strike 0-1: Swinging Strike 0-2: Fielders Choice at 2nd, 3-6 (Groundball, 3, EV 87.5 MPH)
|
|
Batting: RHB Ryan Bentz
|
0-0: Called Strike 0-1: Foul Ball, location: 2F 0-2: Foul Ball, location: 2F 0-2: Ball 1-2: Ball 2-2: Grounds into double play, 6-4-3 (Groundball, 6S, EV 77.5 MPH)
|
| Top of the 2nd over - 0 runs, 1 hit, 0 errors, 0 left on base; Salem-Keizer 1 - Hillsboro 1 |
| BOTTOM OF THE 2ND |
|
Hillsboro Hops batting - Pitching for Salem-Keizer Volcanoes : RHP John Bittinger
|
|
Batting: RHB Josh Burrows
|
0-0: Foul Ball, location: 2F 0-1: Swinging Strike 0-2: Foul Ball, location: 2F 0-2: Foul Ball, location: 2F 0-2: Ball 1-2: Ball 2-2: Fly out, F7 (Line Drive, 7LM, EV 91.9 MPH)
|
|
Batting: LHB Ivan Cortez
|
0-0: Called Strike 0-1: Ground out 6-3 (Groundball, 6, EV 102.5 MPH)
|
|
Batting: RHB Jeremy Adams
|
0-0: Ball 1-0: Swinging Strike 1-1: Called Strike 1-2: Foul Ball, location: 2F 1-2: Foul Ball, location: 2F 1-2: Foul Ball, location: 2F 1-2: Strikes out looking
|
| Bottom of the 2nd over - 0 runs, 0 hits, 0 errors, 0 left on base; Salem-Keizer 1 - Hillsboro 1 |
| TOP OF THE 3RD |
|
Salem-Keizer Volcanoes batting - Pitching for Hillsboro Hops : LHP Travis Osorio
|
|
Batting: RHB John Tyra
|
0-0: Called Strike 0-1: Ground out 6-3 (Groundball, 56, EV 88.1 MPH)
|
|
Batting: RHB Willie Sanchez
|
0-0: Called Strike 0-1: Ball 1-1: Ball 2-1: Foul Ball, location: 2F 2-2: Ground out 4-3 (Groundball, 4S, EV 81.2 MPH)
|
|
Batting: RHB Cesar Martinez
|
0-0: Ball 1-0: Foul Ball, location: 2F 1-1: Swinging Strike 1-2: Strikes out looking
|
| Top of the 3rd over - 0 runs, 0 hits, 0 errors, 0 left on base; Salem-Keizer 1 - Hillsboro 1 |
| BOTTOM OF THE 3RD |
|
Hillsboro Hops batting - Pitching for Salem-Keizer Volcanoes : RHP John Bittinger
|
|
Batting: RHB Trevor Corey
|
0-0: Called Strike 0-1: Called Strike 0-2: Strikes out swinging
|
|
Batting: SHB Blaine Peters
|
0-0: Ball 1-0: SINGLE (Line Drive, 8LS, EV 100.6 MPH)
|
|
Batting: LHB Soo-yeon Kym
|
0-0: Ball 1-0: Ball 2-0: Grounds into double play, 6-4-3 (Groundball, 6, EV 100.0 MPH)
|
| Bottom of the 3rd over - 0 runs, 1 hit, 0 errors, 0 left on base; Salem-Keizer 1 - Hillsboro 1 |
| TOP OF THE 4TH |
|
Salem-Keizer Volcanoes batting - Pitching for Hillsboro Hops : LHP Travis Osorio
|
|
Batting: RHB Frank Pena
|
0-0: Called Strike 0-1: DOUBLE (Line Drive, 9LS, EV 97.5 MPH)
|
|
Batting: RHB Mike Jones
|
0-0: Called Strike 0-1: Ball 1-1: Ball 2-1: Reached on error, E1 (Groundball, 15S, EV 67.5 MPH) Frank Pena scores
|
|
Batting: LHB John Whitman
|
0-0: Called Strike 0-1: Swinging Strike 0-2: Strikes out looking
|
|
Batting: RHB Gabe Ochoa
|
0-0: Swinging Strike 0-1: Foul Ball, location: 2F 0-2: SINGLE (Groundball, 25, EV 69.4 MPH) (infield hit) Mike Jones to third
|
|
Batting: LHB Ryan Anderson
|
0-0: Ball 1-0: Called Strike 1-1: DOUBLE (Line Drive, 3D, EV 105.0 MPH) Mike Jones scores Gabe Ochoa to third Runner from 3rd tries for Home, SAFE, no throw by RF
|
|
Batting: RHB Ryan Bentz
|
0-0: Called Strike 0-1: Ball 1-1: Ball 2-1: Ball 3-1: Base on Balls
|
|
Batting: RHB John Tyra
|
0-0: Ball 1-0: Called Strike 1-1: Grounds into double play, 5-4-3 (Groundball, 5, EV 80.6 MPH)
|
| Top of the 4th over - 3 runs, 3 hits, 1 error, 1 left on base; Salem-Keizer 4 - Hillsboro 1 |
| BOTTOM OF THE 4TH |
|
Hillsboro Hops batting - Pitching for Salem-Keizer Volcanoes : RHP John Bittinger
|
|
Batting: RHB Wen-hua Lei
|
0-0: Ball 1-0: Ball 2-0: Ball 3-0: Base on Balls
|
|
Batting: LHB Dillon Rizzuto
|
0-0: Ball 1-0: Ball Wen-hua Lei is caught stealing 2nd base 2-6 2-0: Ball 3-0: Called Strike 3-1: Base on Balls
|
|
Batting: RHB Ian Sousa
|
0-0: SINGLE (Groundball, 25, EV 62.5 MPH) (infield hit) Dillon Rizzuto to second
|
|
Batting: RHB Josh Burrows
|
0-0: Ball Wild Pitch! Dillon Rizzuto to third Ian Sousa to second 1-0: Foul Ball, location: 2F 1-1: Ball 2-1: Foul Ball, location: 2F 2-2: Foul Ball, location: 2F 2-2: Strikes out swinging
|
|
Batting: LHB Ivan Cortez
|
0-0: Ball Wild Pitch! Dillon Rizzuto scores Ian Sousa to third 1-0: Called Strike 1-1: Ground out 4-3 (Groundball, 4, EV 100.0 MPH)
|
| Bottom of the 4th over - 1 run, 1 hit, 0 errors, 1 left on base; Salem-Keizer 4 - Hillsboro 2 |
| TOP OF THE 5TH |
|
Salem-Keizer Volcanoes batting - Pitching for Hillsboro Hops : LHP Travis Osorio
|
|
Batting: RHB Willie Sanchez
|
0-0: Ball 1-0: Ground out 4-3 (Groundball, 4M, EV 91.9 MPH)
|
|
Batting: RHB Cesar Martinez
|
0-0: Called Strike 0-1: SINGLE (Line Drive, 8RS, EV 105.0 MPH)
|
|
Batting: RHB Frank Pena
|
0-0: Ball Cesar Martinez steals 2nd base 1-0: Ball 2-0: Swinging Strike 2-1: Ball 3-1: Base on Balls
|
|
Batting: RHB Mike Jones
|
0-0: 3-RUN HOME RUN (Line Drive, 7D, EV 100.6 MPH), Distance : 415 ft
|
|
Pitching: RHP Jake Priest
|
|
|
Batting: LHB John Whitman
|
0-0: Called Strike 0-1: Foul Ball, location: 2F 0-2: Strikes out looking
|
|
Batting: RHB Gabe Ochoa
|
0-0: Ball 1-0: Ball 2-0: Ball 3-0: Base on Balls
|
|
Batting: LHB Ryan Anderson
|
0-0: Ball 1-0: Ball 2-0: Fly out, F7 (Flyball, 7LSF, EV 83.1 MPH)
|
| Top of the 5th over - 3 runs, 2 hits, 0 errors, 1 left on base; Salem-Keizer 7 - Hillsboro 2 |
| BOTTOM OF THE 5TH |
|
Hillsboro Hops batting - Pitching for Salem-Keizer Volcanoes : RHP John Bittinger
|
|
Batting: RHB Jeremy Adams
|
0-0: Foul Ball, location: 2F 0-1: Called Strike 0-2: Ball 1-2: Foul Ball, location: 2F 1-2: Ball 2-2: Foul Ball, location: 2F 2-2: Foul Ball, location: 2F 2-2: Fly out, F8 (Flyball, 8RM, EV 91.2 MPH)
|
|
Batting: RHB Trevor Corey
|
0-0: Called Strike 0-1: Ball 1-1: Ball 2-1: Called Strike 2-2: Strikes out swinging, 2-3 out at first.
|
|
Batting: SHB Blaine Peters
|
0-0: Called Strike 0-1: TRIPLE (Line Drive, 9D, EV 105.0 MPH)
|
|
Batting: LHB Soo-yeon Kym
|
0-0: Ball 1-0: Foul Ball, location: 2F 1-1: Ground out 4-3 (Groundball, 4, EV 99.4 MPH)
|
| Bottom of the 5th over - 0 runs, 1 hit, 0 errors, 1 left on base; Salem-Keizer 7 - Hillsboro 2 |
| TOP OF THE 6TH |
|
Salem-Keizer Volcanoes batting - Pitching for Hillsboro Hops : RHP Jake Priest
|
|
Batting: RHB Ryan Bentz
|
0-0: Ball 1-0: Called Strike 1-1: Called Strike 1-2: Ball 2-2: SINGLE (Groundball, 5S, EV 66.9 MPH) (infield hit)
|
|
Batting: RHB John Tyra
|
0-0: Ball Ryan Bentz steals 2nd base 1-0: Ball 2-0: Foul Ball, location: 2F 2-1: Ball 3-1: Reached on error, E5 (Groundball, 5, EV 88.1 MPH) Ryan Bentz to third
|
|
Batting: RHB Willie Sanchez
|
0-0: Ball 1-0: Fly out, F7 (Flyball, 78M, EV 90.0 MPH)
|
|
Batting: RHB Cesar Martinez
|
0-0: Ball Passed Ball! Ryan Bentz scores John Tyra to second 1-0: Fly out, F9 (Flyball, 9D, EV 103.1 MPH) Runner from 2nd tags up, SAFE at 3rd, no throw by RF
|
|
Batting: RHB Frank Pena
|
0-0: Swinging Strike 0-1: Called Strike 0-2: Foul Ball, location: 2F 0-2: Foul Ball, location: 2F 0-2: Ball 1-2: Foul Ball, location: 2F 1-2: Ball 2-2: Ground out U3 (Groundball, 3S, EV 85.6 MPH)
|
| Top of the 6th over - 1 run, 1 hit, 1 error, 1 left on base; Salem-Keizer 8 - Hillsboro 2 |
| BOTTOM OF THE 6TH |
|
Hillsboro Hops batting - Pitching for Salem-Keizer Volcanoes : RHP John Bittinger
|
|
Batting: RHB Wen-hua Lei
|
0-0: Fly out, F4 (Popup, 34, EV 68.1 MPH)
|
|
Batting: LHB Dillon Rizzuto
|
0-0: Ball 1-0: Ball 2-0: Ground out 5-3 (Groundball, 5, EV 102.5 MPH)
|
|
Batting: RHB Ian Sousa
|
0-0: Fly out, F4 (Popup, 4, EV 73.8 MPH)
|
| Bottom of the 6th over - 0 runs, 0 hits, 0 errors, 0 left on base; Salem-Keizer 8 - Hillsboro 2 |
| TOP OF THE 7TH |
|
Salem-Keizer Volcanoes batting - Pitching for Hillsboro Hops : RHP Jake Priest
|
|
Batting: RHB Mike Jones
|
0-0: Fly out, F7 (Flyball, 7S, EV 87.5 MPH)
|
|
Batting: LHB John Whitman
|
0-0: Ball 1-0: Ball 2-0: Swinging Strike 2-1: Ball 3-1: Base on Balls
|
|
Pitching: RHP Alan Muth
|
|
|
Batting: RHB Gabe Ochoa
|
0-0: Ball 1-0: Swinging Strike 1-1: Ball 2-1: Called Strike 2-2: Strikes out swinging
|
|
Batting: LHB Ryan Anderson
|
0-0: Called Strike 0-1: Foul Ball, location: 2F 0-2: Ball 1-2: Strikes out swinging, 2-3 out at first.
|
| Top of the 7th over - 0 runs, 0 hits, 0 errors, 1 left on base; Salem-Keizer 8 - Hillsboro 2 |
| BOTTOM OF THE 7TH |
|
Hillsboro Hops batting - Pitching for Salem-Keizer Volcanoes : RHP John Bittinger
|
|
Pitching: RHP Mike Flynn
|
|
|
Batting: RHB Josh Burrows
|
0-0: Ball 1-0: Ball 2-0: Foul Ball, location: 2F 2-1: Foul Ball, location: 2F 2-2: Ball 3-2: Strikes out looking
|
|
Batting: LHB Ivan Cortez
|
0-0: Called Strike 0-1: Called Strike 0-2: Ball 1-2: Strikes out swinging
|
|
Batting: RHB Jeremy Adams
|
0-0: Ball 1-0: Ball 2-0: Ball 3-0: Base on Balls
|
|
Batting: RHB Trevor Corey
|
0-0: Ball 1-0: Called Strike 1-1: Foul Ball, location: 2F 1-2: Foul Ball, location: 2F 1-2: Foul Ball, location: 2F 1-2: Strikes out swinging
|
| Bottom of the 7th over - 0 runs, 0 hits, 0 errors, 1 left on base; Salem-Keizer 8 - Hillsboro 2 |
| TOP OF THE 8TH |
|
Salem-Keizer Volcanoes batting - Pitching for Hillsboro Hops : RHP Alan Muth
|
|
Batting: RHB Ryan Bentz
|
0-0: Ball 1-0: Called Strike 1-1: Foul Ball, location: 2F 1-2: Strikes out swinging
|
|
Batting: RHB John Tyra
|
0-0: Ball 1-0: Called Strike 1-1: Foul Ball, location: 2F 1-2: Foul Ball, location: 2F 1-2: Ball 2-2: Foul Ball, location: 2F 2-2: Strikes out swinging
|
|
Batting: RHB Willie Sanchez
|
0-0: DOUBLE (Line Drive, 9LM, EV 91.2 MPH)
|
|
Batting: RHB Cesar Martinez
|
0-0: Ball 1-0: Ground out 3-1 (Groundball, 34, EV 85.6 MPH)
|
| Top of the 8th over - 0 runs, 1 hit, 0 errors, 1 left on base; Salem-Keizer 8 - Hillsboro 2 |
| BOTTOM OF THE 8TH |
|
Hillsboro Hops batting - Pitching for Salem-Keizer Volcanoes : RHP Mike Flynn
|
|
Batting: SHB Blaine Peters
|
0-0: Called Strike 0-1: Ball 1-1: Ball 2-1: Foul Ball, location: 2F 2-2: Ground out 4-3 (Groundball, 4, EV 98.8 MPH)
|
|
Batting: LHB Soo-yeon Kym
|
0-0: Ball 1-0: Ball 2-0: Ball 3-0: Base on Balls
|
|
Batting: RHB Wen-hua Lei
|
0-0: Called Strike 0-1: Foul Ball, location: 2F 0-2: SINGLE (Groundball, 56D, EV 95.6 MPH) Soo-yeon Kym to second
|
|
Batting: LHB Dillon Rizzuto
|
0-0: Ball 1-0: Foul Ball, location: 2F 1-1: Ball 2-1: Ball 3-1: Base on Balls Soo-yeon Kym to third Wen-hua Lei to second
|
|
Pitching: RHP Jonathan Simi
|
|
|
Batting: RHB Ian Sousa
|
0-0: Ball 1-0: Called Strike 1-1: Swinging Strike 1-2: Ball 2-2: Strikes out swinging
|
|
Batting: RHB Josh Burrows
|
0-0: Called Strike 0-1: Foul Ball, location: 2F 0-2: Strikes out swinging
|
| Bottom of the 8th over - 0 runs, 1 hit, 0 errors, 3 left on base; Salem-Keizer 8 - Hillsboro 2 |
| TOP OF THE 9TH |
|
Salem-Keizer Volcanoes batting - Pitching for Hillsboro Hops : RHP Alan Muth
|
|
Batting: RHB Frank Pena
|
0-0: Called Strike 0-1: Ball 1-1: SINGLE (Groundball, 6M, EV 90.6 MPH) (infield hit)
|
|
Pitching: RHP Rory Bornt
|
|
|
Batting: RHB Mike Jones
|
0-0: Called Strike 0-1: Ball 1-1: SINGLE (Flyball, 89S, EV 94.4 MPH) Frank Pena to second Runner from 2nd tries for 3rd, SAFE, throw by RF made to third
|
|
Batting: LHB John Whitman
|
0-0: Grounds into double play, 4-6-3 (Groundball, 34, EV 84.4 MPH) Frank Pena scores
|
|
Batting: RHB Gabe Ochoa
|
0-0: Ball 1-0: Ball 2-0: Fly out, F8 (Flyball, 78M, EV 78.8 MPH)
|
| Top of the 9th over - 1 run, 2 hits, 0 errors, 0 left on base; Salem-Keizer 9 - Hillsboro 2 |
| BOTTOM OF THE 9TH |
|
Hillsboro Hops batting - Pitching for Salem-Keizer Volcanoes : RHP Jonathan Simi
|
|
Batting: LHB Ivan Cortez
|
0-0: Ball 1-0: Swinging Strike 1-1: Foul Ball, location: 2F 1-2: Ball 2-2: Strikes out swinging
|
|
Batting: RHB Jeremy Adams
|
0-0: Foul Ball, location: 2F 0-1: Ball 1-1: Swinging Strike 1-2: Foul Ball, location: 2F 1-2: Foul Ball, location: 2F 1-2: Ball 2-2: Ball 3-2: Strikes out looking
|
|
Batting: RHB Trevor Corey
|
0-0: Swinging Strike 0-1: Swinging Strike 0-2: Ball 1-2: SINGLE (Groundball, 34D, EV 95.6 MPH)
|
|
Batting: SHB Blaine Peters
|
0-0: SINGLE (Groundball, 34D, EV 104.4 MPH) Trevor Corey to second
|
|
Batting: LHB Soo-yeon Kym
|
0-0: Ball 1-0: Ball 2-0: Called Strike 2-1: Foul Ball, location: 2F 2-2: Strikes out swinging
|
| Bottom of the 9th over - 0 runs, 2 hits, 0 errors, 2 left on base; Salem-Keizer 9 - Hillsboro 2 |
|